 Dungeon Crawl Stone Soup version 0.21-a0-72-gbbb65ab (webtiles) character file.

119 HAL9000 the Sneak (level 5, 0/26 HPs)
             Began as a Vine Stalker Assassin on June 20, 2017.
             Succumbed to an orc's poison
             ... on level 3 of the Dungeon.
             The game lasted 00:03:40 (2048 turns).

HAL9000 the Sneak (Vine Stalker Assassin)           Turns: 2048, Time: 00:03:41

Health: 0/26       AC:  3    Str: 13    XL:     5   Next: 3%
Magic:  2/6        EV: 11    Int: 11    God:
Gold:   129        SH:  0    Dex: 17    Spells: 4/4 levels left

rFire    . . .     SeeInvis .   a - +2 dagger
rCold    . . .     Gourm    .   (no shield)
rNeg     . . .     Faith    +   c - +0 robe
rPois    .         Spirit   +   (no helmet)
rElec    .         Reflect  .   d - +0 cloak
rCorr    .         Harm     .   (no gloves)
MR       .....                  (no boots)
Stlth    ++++......             m - amulet of faith
HPRegen  0.48/turn              n - ring of stealth
MPRegen  0.10/turn              (no ring)

@: lethally poisoned (0 -> -1)
A: fangs 2, regeneration 1, magic shield, antimagic bite, no potion heal 3, rot
immunity
a: no special abilities


You were on level 3 of the Dungeon.
You were hungry.

You visited 1 branch of the dungeon, and saw 3 of its levels.

You collected 129 gold pieces.

Inventory:

Hand Weapons
 a - a +2 dagger (weapon)
 b - a +0 blowgun
Missiles
 e - 8 poisoned needles
 f - 2 curare-tipped needles
Armour
 c - a +0 robe (worn)
 d - a +0 cloak (worn)
 h - a +0 shield
Jewellery
 m - an amulet of faith (around neck)
 n - a ring of stealth (left hand)
 t - an uncursed ring of protection from magic {unknown}
Scrolls
 k - 2 scrolls of remove curse {unknown}
 l - a scroll of random uselessness {unknown}
 o - 4 scrolls of identify {unknown}
 q - a scroll of blinking {unknown}
Potions
 i - a potion of magic {unknown}
 p - 2 potions of invisibility {unknown}
 r - a potion of might {unknown}
 s - 3 potions of heal wounds {unknown}
Comestibles
 g - 3 bread rations
 j - 3 meat rations


   Skills:
 - Level 1.7 Fighting
 + Level 4.5 Short Blades
 - Level 1.7 Throwing
 - Level 0.7 Dodging
 - Level 4.8 Stealth


You had 4 spell levels left.
You didn't know any spells.

Dungeon Overview and Level Annotations

Branches:
Dungeon (3/15)

Altars:
Wu Jian
Zin


Innate Abilities, Weirdness & Mutations

You have extremely sharp teeth.
Your natural rate of healing is unusually fast.
When hurt, damage is shared between your health and your magic reserves.
Your bite disrupts and absorbs the magic of your enemies.
Potions cannot restore your health.
You are immune to rotting.


Message History

The orc wizard casts a spell.
The orc wizard flickers and vanishes!
Deactivating autopickup; reactivate with Ctrl-A.
An orc priest comes into view. It is wielding a club.
You feel sick.
The orc priest calls down the wrath of Beogh upon you.
Beogh smites you!
You hear some strange, mumbled words.
You feel sick.
You feel sick.
You feel sick.
You feel sick.
You feel sick.
You feel sick.
You feel sick.
You feel sick.
A puff of frost appears from out of thin air!
The puff of frost hits you!
* * * LOW HITPOINT WARNING * * *
You die...

### ##.##
##.#.###############
#.###.<.......#.....
##.#.########.#.####
##.## ###.#.# #.#
#.....# #.#
#.###.####
###########@# #.#
#....# #o.o.So.....#
#.# #.##.#
####g########### #.#
####.# #..o..o.# ###
##.# #.##.##)# #..#
#. #.# # #..# #.


go. #.## # .#.# ### g##.# You could see an adder and an orc.

Vanquished Creatures
  An orc wizard (D:2)
  3 adders (D:2)
  An ooze (D:1)
  A worm (D:2)
  2 dart slugs (D:2)
  A leopard gecko (D:1)
  A ball python (D:1)
  2 bats
  5 giant cockroaches
  6 goblins
  5 hobgoblins
  9 jackals (D:2)
  3 kobolds
  3 frilled lizards
  5 rats (D:2)
48 creatures vanquished.

Notes
Turn   | Place    | Note
-------+----------+-------------------------------------------
     0 | D:1      | HAL9000 the Vine Stalker Assassin began the quest for the Orb.
     0 | D:1      | Reached XP level 1. HP: 11/11 MP: 2/2
    67 | D:1      | Reached XP level 2. HP: 10/15 MP: 3/3
   512 | D:1      | Reached XP level 3. HP: 18/18 MP: 4/4
   701 | D:2      | Found a glowing silver altar of Zin.
   742 | D:2      | Found an ornate altar of the Wu Jian Council.
  1398 | D:2      | Gained mutation: Your natural rate of healing is unusually fast. [Vine Stalker growth]
  1398 | D:2      | Reached XP level 4. HP: 13/23 MP: 3/5
  1844 | D:2      | Reached XP level 5. HP: 23/26 MP: 6/6
  2047 | D:3      | HP: 1/26 [something/puff of frost (4)]
  2048 | D:3      | Succumbed to an orc's poison

Vault maps used:
D:1:      zaba_arrival_water
D:2:      lemuel_round_altar, lemuel_coloured_pillars_altar, first_bread
D:3:      nicolae_gozag_cash_rules_everything_around_me, fedhas_altar_2,
          tgw_trog, tgw_kikubaaqudgha, uniq_natasha, uniq_crazy_yiuf_cottage

Skill      XL: |  1  2  3  4 |
---------------+-------------+-----
Short Blades   | 2 3 4 |  4.5
Fighting       | |  1.7
Throwing       | |  1.7
Dodging        | |  0.7
Stealth        | |  4.8

Action                   |  1- 3 |  4- 6 || total
-------------------------+-------+-------++-------
Melee: Dagger            |    90 |    63 ||   153
       Bite              |    22 |    16 ||    38
 Stab: Sleeping          |     8 |     3 ||    11
       Distracted        |       |     1 ||     1
  Eat: Chunk             |     2 |     1 ||     3
Armor: Robe              |    17 |    11 ||    28
Dodge: Dodged            |    48 |    36 ||    84
